 Dungeon Crawl Stone Soup version 0.30.0-29-ga12c61a403 (webtiles) character file.

Game seed: 12660256465117438989

19974 AIAndy the Carver (level 12, -1/92 HPs)
             Began as a Gnoll Wanderer on June 7, 2023.
             Was the Champion of Ru.
             Succumbed to a black mamba's poison
             ... on level 2 of the Lair of Beasts on June 8, 2023.
             The game lasted 01:23:55 (13099 turns).

AIAndy the Carver (Gnoll Wanderer)                 Turns: 13099, Time: 01:23:56

Health: -1/92      AC: 16    Str: 15    XL:     12   Next: 74%
Magic:  23/23      EV: 20    Int: 15    God:    Ru [******]
Gold:   938        SH:  0    Dex: 19    Spells: 18/26 levels left

rFire   . . .        S - +9 sword of Power {lifebolt}
rCold   + . .        (shield currently unavailable)
rNeg    . . .        B - +3 ring mail of the Constellations {rC+ Dex+6}
rPois   .            t - +2 hat {Int+3}
rElec   .            k - +0 cloak
rCorr   .            (no gloves)
SInv    +            U - +2 pair of boots
Will    .....        e - amulet of faith
Stlth   ++++         O - +5 ring of evasion
HPRegen 0.35/turn    G - ring of see invisible
MPRegen 0.18/turn

%: faith
@: lethally poisoned (-1 -> -22), studying Shields, unable to drink
A: fangs 1, inability to drink after injury 2, inability to read after injury 2,
hated by all, no conjurations magic, no earth magic, no transmutations magic,
missing an eye, strong nose, distributed training
a: Renounce Religion, Draw Out Power, Power Leap, Apocalypse


You were on level 2 of the Lair of Beasts.
You worshipped Ru.
Ru was exalted by your worship.
You visited 2 branches of the dungeon, and saw 14 of its levels.

You collected 938 gold pieces.

Inventory:

Hand Weapons
 v - a +3 long sword of holy wrath
 F - a +3 war axe
 R - a +4 hand axe of freezing
 S - the +9 sword of Power (weapon) {lifebolt}
   (You found it on level 9 of the Dungeon)
Missiles
 p - a boomerang
 q - 2 boomerangs of dispersal
 y - 3 datura-tipped darts
 M - 36 poisoned darts (quivered)
Armour
 c - +0 acid dragon scales
 k - a +0 cloak (worn)
 r - a +0 troll leather armour
 t - a +2 hat of intelligence (worn)
 B - the +3 ring mail of the Constellations (worn) {rC+ Dex+6}
   (You found it on level 8 of the Dungeon)

   Dex:       It affects your dexterity (+6).
   rC:        It protects you from cold.
 U - a +2 pair of boots (worn)
Magical Staves
 L - a staff of cold
Jewellery
 e - an amulet of faith (around neck)
 A - an amulet of magic regeneration
 G - a ring of see invisible (right hand)
 I - a ring of fire
 O - a +5 ring of evasion (left hand)
Wands
 m - a wand of digging (4)
 n - a wand of flame (26)
 s - a wand of roots (36)
 z - a wand of paralysis (14)
 Q - a wand of mindburst (8)
Scrolls
 a - a scroll of enchant armour
 j - 4 scrolls of teleportation
 u - 2 scrolls of blinking
 x - 5 scrolls of magic mapping
 C - 4 scrolls of poison
 J - 3 scrolls of fear {unknown}
 P - 3 scrolls of vulnerability
 T - 3 scrolls of identify
 V - a scroll of fog
 W - a scroll of amnesia
Potions
 b - 9 potions of curing
 d - 4 potions of heal wounds
 f - 3 potions of brilliance {unknown}
 g - a potion of cancellation {unknown}
 h - 3 potions of attraction
 i - a potion of mutation {unknown}
 l - 3 potions of might
 o - 5 potions of berserk rage
 w - 3 potions of ambrosia
 D - a potion of haste {unknown}
 E - 3 potions of resistance {unknown}
 H - 5 potions of lignification {unknown}
 N - 2 potions of flight {unknown}
Miscellaneous
 K - a piece from Xom's chessboard (15/15)


   Skills:
 + Level 7.8 Fighting
 + Level 7.8 Short Blades
 + Level 10.3 Long Blades
 + Level 8.3 Axes
 + Level 7.8 Maces & Flails
 + Level 7.8 Polearms
 + Level 7.8 Staves
 + Level 7.8 Ranged Weapons
 + Level 9.2 Throwing
 + Level 7.8 Armour
 + Level 7.8 Dodging
 + Level 9.9 Stealth
 + Level 8.3 Shields
 + Level 7.8 Unarmed Combat
 + Level 7.8 Spellcasting
   Level 0.0 Conjurations
 + Level 6.5 Hexes
   Level 0.0 Summonings
 + Level 6.5 Necromancy
 + Level 6.5 Translocations
   Level 0.0 Transmutations
 + Level 6.5 Fire Magic
 + Level 6.5 Ice Magic
 + Level 6.5 Air Magic
   Level 0.0 Earth Magic
 + Level 6.5 Poison Magic
 + Level 8.6 Invocations
 + Level 8.3 Evocations


You had 18 spell levels left.
You knew the following spells:

 Your Spells              Type           Power      Damage    Failure   Level
a - Blink                 Tloc           50%        N/A       2%          2
b - Vampiric Draining     Necr           25%        2d7       4%          3
c - Swiftness             Air            25%        N/A       4%          3

Your spell library contained the following spells:

 Spells                   Type           Power      Damage    Failure   Level
 Apportation              Tloc           50%        N/A       1%          1
 Necrotise                Necr           100%       1d9       1%          1
 Slow                     Hex            100%       N/A       1%          1
 Lesser Beckoning         Tloc           50%        N/A       2%          2
 Confusing Touch          Hex            25%        N/A       4%          3
 Volatile Blastmotes      Fire/Tloc      50%        2d14      4%          3
 Airstrike                Air            12%        2d(2-18)  14%         4
 Passage of Golubria      Tloc           25%        N/A       14%         4
 Agony                    Necr           25%        N/A       38%         5
 Silence                  Hex/Air        12%        N/A       38%         5
 Tukima's Dance           Hex            Unusable   N/A       N/A         3
 Shock                    Conj/Air       Unusable   1d6       N/A         1
 Momentum Strike          Conj/Tloc      Unusable   3d8       N/A         2
 Dazzling Flash           Conj/Hex       Unusable   N/A       N/A         3
 Summon Small Mammal      Summ           Unusable   N/A       N/A         1
 Iskenderun's Mystic Bla  Conj/Tloc      Unusable   2d5       N/A         4
 Yara's Violent Unravell  Hex/Tmut       Unusable   3d5       N/A         5
 Starburst                Conj/Fire      Unusable   6d4       N/A         6
 Lehudib's Crystal Spear  Conj/Erth      Unusable   10d2      N/A         8

Dungeon Overview and Level Annotations

Branches:
Dungeon (12/15)            Temple (0/1) D:6            Lair (2/5) D:10
  Snake (0/4) Lair:2          Orc (0/2) D:11
  Swamp: Lair:2-3    Shoals: Lair:2-3

Altars:
Ashenzari
Cheibriados
Nemelex Xobeh
Ru
Sif Muna
Wu Jian
Zin
The Shining One

Shops:
D:2 (   D:9 !

Annotations:
D:3 1 runed translucent door, Crazy Yiuf
D:7 2 transporters, Tinylith's ghost, novice DsFi
D:10 2 transporters, fedoskokos's ghost, journeyman FoHu
D:12 Azrael
Lair:2 Urug


Innate Abilities, Weirdness & Mutations

You have very sharp teeth.
You sometimes lose the ability to drink potions when taking damage.
You sometimes lose the ability to read scrolls when taking damage.
You are hated by all.
You cannot study or cast Conjurations magic.
You cannot study or cast Earth magic.
You cannot study or cast Transmutations magic.
You are missing an eye, making it more difficult to aim.
Your uncanny sense of smell can sniff out nearby items.
Your experience applies equally to all skills.


Message History

You are no longer poisoned.
The black mamba is stunned by your conviction and fails to attack. x2
You miss the black mamba.
The black mamba is moderately wounded.
You redirect the black mamba's attack!
The black mamba barely misses itself.
The black mamba barely misses you.
You miss the black mamba.
The black mamba is moderately wounded.
The black mamba bites you.
You are poisoned.
The black mamba poisons you!
A cane toad comes into view.
The black mamba closely misses you.
The cane toad moves out of view.
You barely miss the black mamba.
The black mamba is moderately wounded.
You feel extremely sick. The black mamba closely misses you.
The black mamba barely misses you.
You slash the black mamba!
The black mamba is heavily wounded.
You feel very sick.
The black mamba bites you but does no damage.
The black mamba bites you.
* * * LOW HITPOINT WARNING * * *
You are lethally poisoned!
The black mamba poisons you! The black mamba barely misses you.
As you read the scroll of teleportation, it crumbles to dust.
You feel strangely unstable.
* * * LOW HITPOINT WARNING * * *
You feel extremely sick. The black mamba misses you.
You hear a howl! x2
* * * LOW HITPOINT WARNING * * *
You feel extremely sick.
You hear a howl!
You redirect the black mamba's attack!
The black mamba bites itself!
Your surroundings suddenly seem different.
A water moccasin comes into view.
Found 22 gold pieces.
Found a stone staircase leading down.
You die...

#..
... ..
.. #
#.
#.#.
##
#..#.#
#>@#
#..##
#.#
#$#
#.# ##
..#
.## ∆
S##
..#
.##


You could see a water moccasin (asleep).

Vanquished Creatures
  Gastronok (D:8)
  A centaur warrior (D:11)
  2 two-headed ogres
  Nergalle (D:12)
  A deep elf pyromancer (D:7)
  An ugly thing (D:9)
  A manticore (D:11)
  2 cyclopes (D:11)
  Maurice (D:9)
  Joseph (D:7)
  A black mamba (Lair:2)
  3 cane toads (Lair:1)
  4 komodo dragons (Lair:1)
  A rime drake (Lair:1)
  5 kobold demonologists
  A tengu conjurer (D:12)
  A polar bear (Lair:1)
  A troll (D:10)
  Prince Ribbit (D:8)
  A shadow (D:12)
  A wraith (D:12)
  A wyvern (D:9)
  A basilisk (Lair:1)
  12 yaks
  9 vampire mosquitoes
  A warg (D:11)
  An acid dragon (D:12)
  8 orc warriors
  2 black bears
  8 water moccasins
  A sky beast (D:8)
  2 ogres
  2 centaurs
  3 phantoms
  7 bullfrogs
  7 kobold brigands
  9 scorpions
  16 wights
  6 killer bees (D:8)
  10 howler monkeys
  An electric eel (Lair:1)
  5 orc priests
  5 hounds
  A sleepcap (D:4)
  Terence (D:3)
  Natasha (thrice) (D:2)
  7 iguanas
  8 orc wizards
  9 adders
  A shadow imp (D:7)
  3 ufetubi
  4 worms
  2 dart slugs
  28 orcs
  3 endoplasms (D:2)
  3 giant cockroaches (D:2)
  4 goblins
  8 hobgoblins
  3 jackals (D:1)
  3 quokkas
  7 ball pythons
  3 bats
  2 frilled lizards
  18 kobolds
  4 rats
274 creatures vanquished.

Vanquished Creatures (others)
  A vampire mosquito (D:11)
  A kobold (D:9)
2 creatures vanquished.

Grand Total: 276 creatures vanquished

Notes
Turn   | Place    | Note
-------+----------+-------------------------------------------
     0 | D:1      | AIAndy the Gnoll Wanderer began the quest for the Orb.
     0 | D:1      | AIAndy set off with the following items: a +2 falchion, a
                  | +0 hand axe, a +0 pair of boots, a potion of heal wounds, a
                  | +0 robe.
     0 | D:1      | Reached XP level 1. HP: 13/13 MP: 1/1
   169 | D:1      | Reached XP level 2. HP: 19/19 MP: 2/2
   895 | D:2      | Noticed Natasha
   988 | D:2      | Reached XP level 3. HP: 25/25 MP: 3/3
  1096 | D:2      | Reached skill level 1 in Invocations
  1150 | D:2      | Killed Natasha
  1151 | D:2      | Reached skill level 1 in Fighting
  1151 | D:2      | Reached skill level 1 in Short Blades
  1151 | D:2      | Reached skill level 1 in Maces & Flails
  1151 | D:2      | Reached skill level 1 in Polearms
  1151 | D:2      | Reached skill level 1 in Staves
  1151 | D:2      | Reached skill level 1 in Ranged Weapons
  1151 | D:2      | Reached skill level 1 in Armour
  1151 | D:2      | Reached skill level 1 in Dodging
  1151 | D:2      | Reached skill level 1 in Shields
  1151 | D:2      | Reached skill level 1 in Unarmed Combat
  1151 | D:2      | Reached skill level 1 in Spellcasting
  1151 | D:2      | Reached XP level 4. HP: 32/32 MP: 5/5
  1166 | D:2      | Reached skill level 1 in Conjurations
  1166 | D:2      | Reached skill level 1 in Hexes
  1166 | D:2      | Reached skill level 1 in Summonings
  1166 | D:2      | Reached skill level 1 in Necromancy
  1166 | D:2      | Reached skill level 1 in Translocations
  1166 | D:2      | Reached skill level 1 in Transmutations
  1166 | D:2      | Reached skill level 1 in Fire Magic
  1166 | D:2      | Reached skill level 1 in Ice Magic
  1166 | D:2      | Reached skill level 1 in Air Magic
  1166 | D:2      | Reached skill level 1 in Earth Magic
  1166 | D:2      | Reached skill level 1 in Poison Magic
  1212 | D:2      | Found Uhaot's Weapon Shop.
  1249 | D:2      | Noticed Natasha
  1258 | D:2      | Killed Natasha
  1278 | D:2      | Reached XP level 5. HP: 37/37 MP: 7/7
  1354 | D:2      | Noticed Natasha
  1363 | D:2      | Killed Natasha
  1450 | D:3      | Noticed Terence
  1459 | D:3      | Killed Terence
  1643 | D:3      | Found an ornate altar of the Wu Jian Council.
  1666 | D:3      | Found a faded altar of an unknown god.
  1951 | D:3      | Found a runed translucent door.
  1952 | D:3      | Noticed Crazy Yiuf
  2138 | D:4      | Noticed a black bear
  2173 | D:3      | Reached XP level 6. HP: 29/44 MP: 8/8
  2247 | D:4      | Reached skill level 5 in Throwing
  2884 | D:4      | Reached skill level 7 in Long Blades
  2884 | D:4      | Reached XP level 7. HP: 39/50 MP: 10/10
  2954 | D:4      | Identified the +2 robe "Awu Gon" {Fly rElec Will- Stlth-}
  3407 | D:5      | Entered Level 5 of the Dungeon
  3547 | D:5      | Reached XP level 8. HP: 52/58 MP: 12/12
  3727 | D:5      | Found a sacrificial altar of Ru.
  4493 | D:5      | Became a worshipper of Ru the Awakened
  4536 | D:6      | Found a sparkling altar of Nemelex Xobeh.
  4690 | D:6      | Learned a level 2 spell: Blink
  4866 | D:6      | Found a staircase to the Ecumenical Temple.
  5413 | D:6      | Reached XP level 9. HP: 65/65 MP: 14/14
  5594 | D:7      | Noticed a two-headed ogre
  5659 | D:7      | Found a transporter.
  5662 | D:7      | Found a transporter.
  5745 | D:7      | Gained mutation: You are hated by all. [Ru sacrifice]
  5745 | D:7      | Reached * piety under Ru
  5764 | D:7      | Noticed Joseph
  5780 | D:7      | Killed Joseph
  5781 | D:7      | Reached skill level 5 in Axes
  5781 | D:7      | Reached skill level 5 in Evocations
  5791 | D:7      | Reached skill level 8 in Long Blades
  5977 | D:7      | Noticed Tinylith's ghost (novice DsFi)
  6040 | D:7      | Noticed a deep elf pyromancer
  6056 | D:7      | Killed a deep elf pyromancer
  6057 | D:7      | Reached skill level 5 in Invocations
  6990 | D:8      | Reached skill level 5 in Fighting
  6990 | D:8      | Reached skill level 5 in Short Blades
  6990 | D:8      | Reached skill level 5 in Maces & Flails
  6990 | D:8      | Reached skill level 5 in Polearms
  6990 | D:8      | Reached skill level 5 in Staves
  6990 | D:8      | Reached skill level 5 in Ranged Weapons
  6990 | D:8      | Reached skill level 5 in Armour
  6990 | D:8      | Reached skill level 5 in Dodging
  6990 | D:8      | Reached skill level 5 in Shields
  6990 | D:8      | Reached skill level 5 in Unarmed Combat
  6990 | D:8      | Reached skill level 5 in Spellcasting
  6990 | D:8      | Reached XP level 10. HP: 54/73 MP: 17/17
  7022 | D:8      | Noticed Prince Ribbit
  7040 | D:8      | Killed Prince Ribbit
  7293 | D:8      | Gained mutation: You occasionally lose the ability to read
                  | scrolls when taking damage. [Ru sacrifice]
  7293 | D:8      | Gained mutation: You sometimes lose the ability to read
                  | scrolls when taking damage. [Ru sacrifice]
  7293 | D:8      | Reached ** piety under Ru
  7293 | D:8      | Reached *** piety under Ru
  7367 | D:8      | Found a glowing silver altar of Zin.
  7367 | D:8      | Found a snail-covered altar of Cheibriados.
  7599 | D:8      | Found a shimmering blue altar of Sif Muna.
  7686 | D:8      | Noticed Gastronok
  7707 | D:8      | Killed Gastronok
  7725 | D:8      | Identified the +3 ring mail of the Constellations {rC+
                  | Dex+6}
  7891 | D:9      | Noticed a brown ugly thing
  7909 | D:9      | Killed a brown ugly thing
  7959 | D:9      | Learned a level 3 spell: Vampiric Draining
  7963 | D:9      | Learned a level 3 spell: Swiftness
  8187 | D:9      | Found Aptais's Distillery.
  8229 | D:9      | Noticed Maurice
  8240 | D:9      | Killed Maurice
  8341 | D:9      | Found the +9 sword of Power {lifebolt}
  8473 | D:9      | Reached skill level 9 in Long Blades
  8513 | D:9      | Reached skill level 5 in Conjurations
  8513 | D:9      | Reached skill level 5 in Hexes
  8513 | D:9      | Reached skill level 5 in Necromancy
  8513 | D:9      | Reached skill level 5 in Translocations
  8513 | D:9      | Reached skill level 5 in Transmutations
  8513 | D:9      | Reached skill level 5 in Fire Magic
  8513 | D:9      | Reached skill level 5 in Ice Magic
  8513 | D:9      | Reached skill level 5 in Air Magic
  8513 | D:9      | Reached skill level 5 in Earth Magic
  8513 | D:9      | Reached skill level 5 in Poison Magic
  8516 | D:9      | Reached XP level 11. HP: 81/81 MP: 20/20
  8548 | D:9      | Noticed a two-headed ogre
  8558 | D:9      | Killed a two-headed ogre
  8694 | D:9      | Gained mutation: You cannot study or cast Earth magic. [Ru
                  | sacrifice]
  8694 | D:9      | Gained mutation: You cannot study or cast Transmutations
                  | magic. [Ru sacrifice]
  8694 | D:9      | Gained mutation: You cannot study or cast Conjurations
                  | magic. [Ru sacrifice]
  8694 | D:9      | Reached **** piety under Ru
  9155 | D:10     | Entered Level 10 of the Dungeon
  9334 | D:10     | Noticed fedoskokos's ghost (journeyman FoHu)
  9346 | D:10     | Found a transporter.
  9425 | D:10     | Found a transporter.
  9460 | D:10     | Noticed a two-headed ogre
  9472 | D:10     | Killed a two-headed ogre
  9778 | D:10     | Found a broken altar of Ashenzari.
  9778 | D:10     | Found a glowing golden altar of the Shining One.
 10045 | D:10     | Found a staircase to the Lair.
 10241 | D:11     | Noticed a manticore
 10245 | D:11     | Killed a manticore
 10248 | D:11     | Found a staircase to the Orcish Mines.
 10254 | D:11     | Noticed a cyclops
 10260 | D:11     | Killed a cyclops
 10468 | D:11     | Noticed a centaur warrior
 10476 | D:11     | Killed a centaur warrior
 10688 | D:11     | Gained mutation: You occasionally lose the ability to drink
                  | potions when taking damage. [Ru sacrifice]
 10688 | D:11     | Gained mutation: You sometimes lose the ability to drink
                  | potions when taking damage. [Ru sacrifice]
 10688 | D:11     | Reached ***** piety under Ru
 10754 | D:11     | Noticed a cyclops
 10761 | D:11     | Killed a cyclops
 10978 | D:11     | Reached XP level 12. HP: 82/91 MP: 22/22
 11241 | D:12     | Noticed Nergalle
 11274 | D:12     | Killed Nergalle
 11636 | D:12     | Reached skill level 10 in Long Blades
 11844 | D:12     | Noticed Azrael
 11844 | D:12     | Noticed a centaur warrior
 12025 | Lair:1   | Entered Level 1 of the Lair of Beasts
 12117 | Lair:1   | Gained mutation: You are missing an eye, making it more
                  | difficult to aim. [Ru sacrifice]
 12117 | Lair:1   | Reached ****** piety under Ru
 12991 | Lair:2   | Identified the +0 shortbow of Doxiovi {freeze, *Corrode
                  | Drain rPois rN++}
 13001 | Lair:2   | Noticed Urug
 13018 | Lair:2   | Found a staircase to the Snake Pit.
 13098 | Lair:2   | HP: 4/92 [poisoned by a black mamba]
 13099 | Lair:2   | Succumbed to a black mamba's poison

Illustrated notes

Levels and vault maps discovered:
D:1:      lemuel_arrival_behind_the_door_large, layout_basic,
          chequers_serial_rivers_small_b
D:2:      layout_rooms, serial_shops, nicolae_diamond_shop, uniq_natasha
D:3:      layout_rooms, nicolae_wu_jian_wuxing_cycle,
          nicolae_ecumenical_pavilion, uniq_crazy_yiuf_cottage, uniq_terence
D:4:      layout_loops_corners
D:5:      layout_loops_ring, amcnicky_altar_gilded
D:6:      layout_loops_ring, mainiacjoe_overflow_small_starburst, temple_pool_b,
          kb_lookout_dungeons_type
D:7:      layout_gridville, nzn_ghost_randoct, dk_noncrumbling_4,
          guppyfry_early_elven_hall, uniq_joseph
D:8:      layout_loops_corners, grunt_temple_overflow_open,
          mainiacjoe_overflow_paths, lemuel_blue_sif_altar, uniq_prince_ribbit1,
          uniq_gastronok
D:9:      layout_loops_ring, serial_co_window_serial, co_window_corner_a,
          co_window_corner_a, co_window_paths_b, co_window_paths_b,
          co_window_corner_a, co_window_paths_b, co_window_paths_b,
          co_window_broadway_a, co_window_2corner, co_window_broadway_b,
          co_window_unsneaky_path_a, co_window_paths_c,
          co_window_unsneaky_path_e, glass_columns_c, glass_columns_a,
          glass_columns_a, glass_columns_b, glass_columns_a, serial_shops, shop,
          small_chamber_with_monster, uniq_maurice
D:10:     layout_loops_ring, mainiacjoe_overflow_divided_tiny,
          grunt_lair_entry_orc_guard_hut, gammafunk_ghost_stat_death
D:11:     layout_stronghold, david_orc_1_choice
D:12:     layout_roguey, okawaru_ov_weapons_minmay, uniq_azrael, uniq_nergalle
Lair:1:   layout_regular_city, chequers_serial_rivers_small_a,
          serial_bayou_shore_a
Lair:2:   layout_loops_ring, minmay_snake_entry_six_corridors, uniq_urug

Skill      XL: |  1  2  3  4  5  6  7  8  9 10 11 12 |
---------------+-------------------------------------+-----
Stealth        | 6 7 8 9 |  9.9
Invocations    | 1 2 3 4 5 6 7 8 |  8.6
Fighting       | 1 2 3 5 6 7 |  7.8
Short Blades   | 1 2 3 5 6 7 |  7.8
Maces & Flails | 1 2 3 5 6 7 |  7.8
Polearms       | 1 2 3 5 6 7 |  7.8
Staves         | 1 2 3 5 6 7 |  7.8
Ranged Weapons | 1 2 3 5 6 7 |  7.8
Armour         | 1 2 3 5 6 7 |  7.8
Dodging        | 1 2 3 5 6 7 |  7.8
Shields        | 1 2 3 5 6 7 8 |  8.3
Unarmed Combat | 1 2 3 5 6 7 |  7.8
Spellcasting   | 1 2 3 5 6 7 |  7.8
Conjurations   | 1 2 3 4 5 0 |  0.0
Hexes          | 1 2 3 4 5 6 |  6.5
Summonings     | 1 2 3 0 |  0.0
Necromancy     | 1 2 3 4 5 6 |  6.5
Translocations | 1 2 3 4 5 6 |  6.5
Transmutations | 1 2 3 4 5 0 |  0.0
Fire Magic     | 1 2 3 4 5 6 |  6.5
Ice Magic      | 1 2 3 4 5 6 |  6.5
Air Magic      | 1 2 3 4 5 6 |  6.5
Earth Magic    | 1 2 3 4 5 0 |  0.0
Poison Magic   | 1 2 3 4 5 6 |  6.5
Axes           | 3 4 5 6 7 8 |  8.3
Evocations     | 3 4 5 6 7 8 |  8.3
Throwing       | 5 6 7 8 9 |  9.2
Long Blades    | 7 8 9 10 | 10.3

Action                     |  1- 3 |  4- 6 |  7- 9 | 10-12 || total
---------------------------+-------+-------+-------+-------++-------
  Melee: Falchion          |    43 |       |       |       ||    43
         Bite              |     2 |     6 |    41 |    44 ||    93
         Hand axe          |     9 |    88 |   304 |    75 ||   476
         Punch             |     1 |     1 |     6 |    10 ||    18
         Long sword        |       |       |     1 |    60 ||    61
         Great sword       |       |       |       |   322 ||   322
  Throw: Boomerang         |     4 |    24 |     6 |    19 ||    53
         Dart              |       |    12 |    22 |    21 ||    55
 Invoke: Sacrifice Love    |       |       |     1 |       ||     1
         Sacrifice Words   |       |       |       |     1 ||     1
         Sacrifice Drink   |       |       |       |     1 ||     1
         Sacrifice Arcana  |       |       |       |     1 ||     1
         Sacrifice an Eye  |       |       |       |     1 ||     1
  Evoke: Wand              |       |       |     4 |     9 ||    13
    Use: Scroll            |       |       |    14 |     3 ||    17
         Potion            |       |       |     1 |       ||     1
   Stab: Sleeping          |     2 |       |     9 |    15 ||    26
         Distracted        |       |       |     1 |     4 ||     5
         Invisible         |       |       |       |     1 ||     1
 Armour: Robe              |     5 |       |     4 |       ||     9
         Chain mail        |    21 |    52 |     8 |       ||    81
         Ring mail         |       |       |    95 |   103 ||   198
  Dodge: Dodged            |    18 |    34 |   203 |   347 ||   602
